 Dungeon Crawl Stone Soup version 0.17-a0-1184-gb75be8f (webtiles) character file.

14700 Zwobot the Nimble (level 12, -1/87 HPs)
             Began as an Octopode Arcane Marksman on June 1, 2015.
             Was the Champion of Makhleb.
             Slain by an unseen horror (8 damage)
             ... on level 11 of the Dungeon.
             The game lasted 01:24:05 (21785 turns).

Zwobot the Nimble (Octopode Arcane Marksman)       Turns: 21785, Time: 01:24:05

Health: -1/87      AC:  2    Str: 10    XL:     12   Next: 19%
Magic:  15/15      EV: 17    Int: 24    God:    Makhleb [******]
Gold:   815        SH:  0    Dex: 12    Spells: 3 memorised, 8 levels left

rFire  . . .     SeeInvis .     P - +0 short sword (venom)
rCold  . . .     Clarity  .     (no shield)
rNeg   . . .     SustAt   .     u - +1 hat
rPois  .         Gourm    .     (no amulet)
rElec  .         Spirit   .     e - +4 ring of intelligence
rCorr  .         Warding  .     (no ring)
rMut   .         Stasis   .     (no ring)
MR     .....                    (no ring)
Stlth  +++++.....               (no ring)
                                (no ring)
                                (no ring)
                                (no ring)

@: marked, not resistant to hostile enchantments, quite stealthy
A: almost no armour, amphibious, 8 rings, constrict 8, camouflage 1, gelatinous
body 1
a: Minor Destruction, Lesser Servant of Makhleb, Major Destruction, Greater
Servant of Makhleb, Renounce Religion


You were on level 11 of the Dungeon.
You worshipped Makhleb.
Makhleb was exalted by your worship.
You were not hungry.

You visited 1 branch of the dungeon, and saw 11 of its levels.
You also visited: Sewer and Ice Cave.

You collected 815 gold pieces.

Inventory:

Hand weapons
 a - a +0 hunting sling
 b - a +2 dagger of protection
 k - a +0 short sword
 n - a +0 dagger of chaos
 C - a -1 rapier
 D - a +1 dagger
 E - a +0 hand crossbow of freezing
 I - a +0 blowgun
 J - a +0 long sword
 N - a +2 great sword of flaming
 O - a +0 dagger of venom
 P - a +0 short sword of venom (weapon)
 Q - a +0 broad axe
 R - a +1 morningstar of protection
Missiles
 h - 56 sling bullets
 m - 337 stones (quivered)
 v - 62 poisoned needles
 F - 93 bolts
Armour
 u - a +1 hat (worn)
Jewellery
 e - a +4 ring of intelligence (left tentacle)
 w - an uncursed ring of fire
 G - an uncursed ring of fire
Magical devices
 K - a wand of polymorph (13)
 U - a wand of confusion (27)
 V - a wand of fire (8)
Scrolls
 i - a scroll of magic mapping
 t - 2 scrolls of immolation
 x - 3 scrolls of recharging
 y - a scroll of remove curse
Potions
 f - 2 potions of flight
 g - a potion of brilliance
 l - 2 potions of magic
 q - 2 potions of poison
 r - 2 potions of cure mutation
 z - a potion of lignification
 A - 7 potions of curing
Books
 c - a book of Debilitation

   Spells                             Type                      Level
   a - Corona                         Hexes                        1
   b - Slow                           Hexes                        2
   c - Gell's Gravitas                Hexes/Translocation          3
   d - Inner Flame                    Hexes/Fire                   3
   e - Cause Fear                     Hexes                        4
   f - Leda's Liquefaction            Hexes/Earth                  4
 H - an Akashic Record {highlevel, unknown}

   This book is beyond your current level of understanding.

   Spells                             Type                      Level
   a - Dispersal                      Translocation                6
   b - Controlled Blink               Translocation                7
   c - Malign Gateway                 Summoning/Translocation      7
   d - Disjunction                    Translocation                8
   e - Singularity                    Translocation                9
 T - a book of the Earth

   Spells                             Type                      Level
   a - Leda's Liquefaction            Hexes/Earth                  4
   b - Bolt of Magma                  Conjuration/Fire/Earth       5
   c - Statue Form                    Transmutation/Earth          6
   d - Iron Shot                      Conjuration/Earth            6
   e - Shatter                        Earth                        9
Comestibles
 d - a bread ration
 j - 6 meat rations


   Skills:
 - Level 10.0 Fighting
 - Level 9.0(9.7) Short Blades
 * Level 5.9(8.3) Long Blades
 - Level 2.0 Slings
 - Level 10.1 Dodging
 - Level 8.4 Stealth
 - Level 2.1 Spellcasting
 - Level 6.1 Hexes


You had 8 spell levels left.
You knew the following spells:

 Your Spells              Type           Power        Failure   Level  Hunger
a - Corona                Hex            ####...      1%          1    None
b - Slow                  Hex            ####....     1%          2    ##.....
c - Cause Fear            Hex            ####......   12%         4    ####...


Dungeon Overview and Level Annotations

Branches:
Dungeon (11/15)            Temple (0/1) D:5            Lair (0/8) D:9
    Orc (0/4) D:10

Altars:
Ashenzari
Dithmenos
Fedhas
Kikubaaqudgha
Makhleb
Nemelex Xobeh
Okawaru
Ru
Trog
Xom
Yredelemnul

Shops:
D:6 %

Annotations:
D:4 Edmund


Innate Abilities, Weirdness & Mutations

You cannot wear most types of armour.
You are amphibious.
You can wear up to eight rings at the same time.
You can use your tentacles to constrict eight enemies at once.
Your skin changes colour to match your surroundings (Stealth).
Your rubbery body absorbs attacks (AC +1).


Message History

You hit something but do no damage. Something hits you!
You completely miss something. Something hits you. Something hits you.
* * * LOW HITPOINT WARNING * * *
Drink which item? (? for menu, Esc to quit)
Okay, then.
You barely miss the orc. Your grab misses the orc. Something hits you.
* * * LOW HITPOINT WARNING * * *
Something hits you.
* * * LOW HITPOINT WARNING * * *
A centaur comes into view.
You closely miss the orc. Your grab misses the orc. Something hits you!
* * * LOW HITPOINT WARNING * * *
The orc barely misses you. Something hits you.
* * * LOW HITPOINT WARNING * * *
Unknown command.
Drink which item? (? for menu, Esc to quit)
You feel better. Something hits you!
* * * LOW HITPOINT WARNING * * *
Something hits you!
You die...

*,,,,*,.****,,#.* **#.......#*
*,,,,**..**,,**.## #.....[.# *
,***,**#..*,,**#.# #......######
** *,* *#..,,* #.####............
* *,* *#..####..#.........###..
****,* #.........######..## ##.
,,,,,* *.###<..### #..# #. **,,,*
***#########** #### #.
***,,*******#.'o@#.?+,******* ##.
*,,,,,*,,.....###.##*,,,,,,,###.#
,,*,,,***###*8*#(#T##8******#...#
***,,** **#.#.#.##* #..## ***,,*
*#.##+##.## #...# **,,**
*#.#**,*##.## #.... ,,,,*
*#.#**,,,*##c## #.#.. *,,,**
#.#**,,,,,*##.# #.... ,,,,,**
*#+*******#*##'## #....


You could see a troll, a centaur and an orc.

Vanquished Creatures
  Gastronok (D:8)
  An orc warlord (D:7)
  A centaur warrior (D:7)
  An ice statue (D:11)
  A hill giant (D:10)
  2 orc knights (D:7)
  A spiny frog (D:9)
  2 trolls (D:9)
  Prince Ribbit (D:7)
  A wraith (D:10)
  4 yaks
  Menkaure (D:7)
  14 wargs (D:7)
  7 orc warriors
  18 ice beasts (IceCv)
  2 sky beasts
  5 big kobolds
  3 ogres
  A necrophage (D:8)
  5 centaurs
  5 giant frogs
  A water moccasin skeleton (D:7)
  4 scorpions
  A wyvern skeleton (D:10)
  4 wights (D:9)
  A centaur zombie (D:9)
  2 jellies (D:7)
  5 crimson imps
  A giant frog zombie (D:6)
  2 hell rats (D:9)
  2 hounds
  4 centaur skeletons
  10 orc wizards
  10 orc priests
  Terence (D:3)
  3 giant frog skeletons
  4 iguanas
  11 worker ants
  2 hound zombies (D:8)
  A hound skeleton (D:6)
  4 gnolls (D:4)
  A worker ant zombie (D:9)
  12 adders
  5 river rats (Sewer)
  A shadow imp (D:7)
  3 oozes
  3 worms
  5 giant geckos
  62 orcs
  6 ball pythons (Sewer)
  A bat skeleton (D:4)
  6 giant cockroaches
  16 hobgoblins
  11 jackals
  2 quokkas
  13 bats
  A giant gecko zombie (D:6)
  6 giant newts
  23 goblins
  A jackal skeleton (D:4)
  56 kobolds
  A quokka skeleton (D:7)
  40 rats
  A fungus (D:1)
  A plant (D:5)
427 creatures vanquished.

Notes
Turn   | Place    | Note
--------------------------------------------------------------
     0 | D:1      | Zwobot the Octopode Arcane Marksman began the quest for the Orb.
     0 | D:1      | Reached XP level 1. HP: 13/13 MP: 2/2
   609 | D:2      | Reached XP level 2. HP: 18/18 MP: 3/3
   614 | D:2      | Learned a level 2 spell: Slow
  1251 | D:2      | Reached skill level 1 in Short Blades
  1251 | D:2      | Reached XP level 3. HP: 10/23 MP: 1/4
  1549 | D:2      | Found an iron altar of Okawaru.
  1614 | D:2      | Reached skill level 4 in Hexes
  2970 | D:1      | Reached XP level 4. HP: 17/28 MP: 0/5
  3721 | D:3      | Reached skill level 5 in Hexes
  3721 | D:3      | Reached XP level 5. HP: 20/33 MP: 6/6
  4094 | D:3      | Noticed Terence
  4287 | D:3      | Found a shimmering altar of Xom.
  4288 | D:3      | Found a burning altar of Makhleb.
  4292 | D:3      | Became a worshipper of Makhleb the Destroyer
  4751 | D:3      | Killed Terence
  5257 | D:4      | Noticed Edmund
  5308 | D:4      | Reached XP level 6. HP: 23/38 MP: 3/8
  5558 | D:4      | Noticed an ogre
  5678 | D:4      | Acquired Makhleb's first power
  5736 | D:4      | Learned a level 4 spell: Cause Fear
  6250 | D:4      | Killed an ogre
  6733 | D:4      | Reached XP level 7. HP: 24/43 MP: 10/10
  6810 | D:4      | Reached skill level 6 in Hexes
  7198 | D:4      | Acquired Makhleb's second power
  7436 | D:5      | Entered Level 5 of the Dungeon
  7504 | D:5      | Reached skill level 1 in Stealth
  7520 | D:5      | Found a shadowy altar of Dithmenos.
  7645 | D:5      | Found a glowing drain.
  7649 | Sewer    | Entered a sewer
  7915 | Sewer    | Reached skill level 5 in Short Blades
  7985 | Sewer    | Acquired Makhleb's third power
  8010 | Sewer    | HP: 2/43 [poisoned by a kobold]
  8722 | Sewer    | Reached XP level 8. HP: 48/48 MP: 11/11
  9010 | D:5      | Acquired Makhleb's fourth power
  9815 | D:5      | Found a shattered altar of Ashenzari.
  9816 | D:5      | Found a sacrificial altar of Ru.
  9817 | D:5      | Found an ancient bone altar of Kikubaaqudgha.
  9818 | D:5      | Found a blossoming altar of Fedhas.
  9859 | D:5      | Acquired Makhleb's fifth power
  9877 | D:5      | Found a sparkling altar of Nemelex Xobeh.
  9908 | D:5      | Found a staircase to the Ecumenical Temple.
  9952 | D:5      | Found a bloodstained altar of Trog.
 10284 | D:6      | Found Gucu's Food Emporium.
 11257 | D:7      | Reached skill level 5 in Stealth
 11424 | D:7      | Reached skill level 7 in Short Blades
 11553 | D:7      | Reached XP level 9. HP: 57/57 MP: 12/12
 11998 | D:7      | Reached skill level 8 in Short Blades
 12099 | D:7      | Reached skill level 5 in Dodging
 12899 | D:7      | Reached skill level 5 in Fighting
 13076 | D:7      | Noticed Menkaure
 13823 | D:7      | Killed Menkaure
 13837 | D:7      | Found a basalt altar of Yredelemnul.
 13948 | D:7      | Reached XP level 10. HP: 47/67 MP: 13/13
 14141 | D:7      | Noticed Prince Ribbit
 14159 | D:7      | Killed Prince Ribbit
 14177 | D:7      | Reached skill level 9 in Short Blades
 14710 | D:7      | Noticed an orc warlord
 15691 | D:7      | Noticed an orc knight
 15777 | D:7      | Killed an orc knight
 15916 | D:7      | Killed an orc warlord
 15959 | D:7      | Noticed a centaur warrior
 15999 | D:7      | Killed a centaur warrior
 15999 | D:7      | Reached XP level 11. HP: 37/78 MP: 14/14
 16337 | D:7      | Noticed an orc knight
 16410 | D:7      | Killed an orc knight
 16944 | D:8      | Noticed Gastronok
 16980 | D:8      | HP: 3/80 [Gastronok/the air (19)]
 16982 | D:8      | Killed Gastronok
 18254 | D:8      | Reached skill level 10 in Dodging
 18662 | D:9      | Reached skill level 10 in Fighting
 18847 | D:9      | Found a staircase to the Lair.
 18875 | D:9      | Reached skill level 1 in Long Blades
 19271 | D:10     | Entered Level 10 of the Dungeon
 19282 | D:10     | Noticed a hill giant
 19300 | D:10     | Killed a hill giant
 19694 | D:10     | Found a staircase to the Orcish Mines.
 19916 | D:11     | Found a frozen archway.
 19916 | D:11     | Noticed an ice statue
 19932 | D:11     | Killed an ice statue
 19932 | D:11     | Reached XP level 12. HP: 6/87 MP: 15/15
 20270 | IceCv    | Entered an ice cave
 20509 | IceCv    | Reached skill level 5 in Long Blades
 21413 | IceCv    | Noticed an ice dragon
 21414 | IceCv    | Noticed an ice dragon
 21785 | D:11     | Slain by an unseen horror

Vault maps used:
D:1:      dpeg_arrival_refuge, minmay_gold_behind_fungi, nrook_loot_triangle
D:2:      okawaru_trees_2, serial_co_window_serial, co_window_corner_a,
          co_window_of_opportunity_a, co_window_paths_a,
          co_window_of_opportunity_a, co_window_paths_a, co_window_corner_a,
          co_window_paths_b, co_window_corner_ca, co_window_broadway_b,
          co_window_2corner, co_window_4corner_b, glass_columns_b,
          glass_columns_a, glass_columns_b, glass_columns_c, st_stairs_9
D:3:      grunt_temple_overflow_champion_of_chaos, roderic_roman_lattice,
          uniq_terence
D:4:      uniq_edmund
D:5:      kennysheep_kobold_camp, kennysheep_little_box, kennysheep_mini_moat,
          minitemple, temple_fountains, first_bread, gup_sewer_entry_bowl,
          hex_large, minmay_misc_feat_encased, serial_park_tiny_1
D:6:      serial_shops, shop_fountains
D:7:      lemuel_castle_with_subvaults, overflow_temple_1_default,
          uniq_prince_ribbit1, uniq_menkaure
D:8:      boulder_indie, uniq_gastronok
D:9:      dpeg_lair_monsters
D:10:     orc_0_dummy
D:11:     wad_arrow_thing, portal_ice_cave_entry_ice_statue_01,
          hangedman_little_slice_of_home, minmay_stone_trees_medium
Sewer:    sewer_minmay_treatment
IceCv:    ice_cave_small_dragons

Action                   |  1- 3 |  4- 6 |  7- 9 | 10-12 || total
-------------------------+-------+-------+-------+-------++-------
Melee: Unarmed           |     3 |       |       |       ||     3
       Dagger            |   108 |   140 |   496 |   330 ||  1074
       Long sword        |       |       |     6 |    14 ||    20
       Short sword       |       |       |       |   113 ||   113
       Great sword       |       |       |       |   164 ||   164
 Fire: Hunting sling     |    25 |    45 |   232 |     8 ||   310
       Blowgun           |       |       |   106 |   109 ||   215
Throw: Stone             |       |       |       |     4 ||     4
 Cast: Corona            |    18 |    22 |     9 |    16 ||    65
       Slow              |     2 |    18 |     9 |    34 ||    63
       Cause Fear        |       |       |     1 |     9 ||    10
Evoke: Wand              |       |       |       |     2 ||     2
  Use: Scroll            |       |    12 |     4 |    11 ||    27
       Potion            |       |       |     6 |    19 ||    25
 Stab: Sleeping          |     2 |     8 |    23 |    16 ||    49
       Distracted        |     1 |       |     2 |     3 ||     6
       Invisible         |       |       |       |     3 ||     3
  Eat: Chunk             |     5 |    12 |    19 |    16 ||    52
       Pizza             |     1 |     1 |       |       ||     2
       Beef jerky        |       |       |     3 |     1 ||     4
       Bread ration      |       |       |       |     3 ||     3
